[ AOE2 MATCH · #483173291 ]
UnrankedVietnamese vs Wei
[ REPLAY ANALYSIS · EXTRACTED FROM THE RECORDED GAME ]
Feudal
10:20
Castle
20:15
Imperial
—
| APM avg | 46.8 |
| APM peak | 93 |
| eAPM avg | 19.9 |
| Villagers / military | 46 / 19 |
Focus
⚔️ 11.7% · 🌾 88.3%
Archer ×19
Feudal
—
Castle
—
Imperial
—
| APM avg | 23.1 |
| APM peak | 52 |
| eAPM avg | 11.7 |
| Villagers / military | 34 / 8 |
Focus
⚔️ 26.8% · 🌾 73.2%
Scout Cavalry ×6 · Spearman ×2
Feudal
9:19
Castle
—
Imperial
—
| APM avg | 76.2 |
| APM peak | 121 |
| eAPM avg | 28.0 |
| Villagers / military | 58 / 31 |
Focus
⚔️ 10.5% · 🌾 89.5%
Scout Cavalry ×31
Feudal
11:11
Castle
—
Imperial
—
| APM avg | 18.5 |
| APM peak | 31 |
| eAPM avg | 11.6 |
| Villagers / military | 46 / 21 |
Focus
⚔️ 27.4% · 🌾 72.6%
Archer ×21
Feudal
10:06
Castle
—
Imperial
—
| APM avg | 48.2 |
| APM peak | 94 |
| eAPM avg | 17.2 |
| Villagers / military | 59 / 55 |
Focus
⚔️ 30.7% · 🌾 69.3%
Archer ×54 · Spearman ×1
Feudal
—
Castle
—
Imperial
—
| APM avg | 28.7 |
| APM peak | 58 |
| eAPM avg | 13.0 |
| Villagers / military | 33 / 11 |
Focus
⚔️ 31.8% · 🌾 68.2%
Spearman ×7 · Archer ×4
Match map
Initial resources + every placement click. Lines = walls · curves = elevation contours. ◆ gold · ⬟ stone · ● berries · ✦ relic · ◌ wall gap
Your base· Open — unwalled flank
Ivanlamo01's base· Open — 2t gap
Lith_KING's base· Open — unwalled flank
ElOlorosopitt's base· Open — unwalled flank
MagicHunt's base· ✓ Closed at 20:38 · 62t walls · no gate
LMGPERDRO's base· Open — unwalled flank
Smoothed initial terrain · ◌ = detected wall gap · hover for details
Inputs per minute
— [Virgins]ItalianStallion - - Ivanlamo01
Build order — [Virgins]ItalianStallion
133 actions detected in the replay
| 0:01 | Create | Villager (Male) |
| 0:01 | Create | Villager (Male) |
| 0:02 | Create | Villager (Male) |
| 0:02 | Create | Villager (Male) |
| 0:02 | Create | Villager (Male) |
| 0:02 | Create | Villager (Male) |
| 0:04 | Build | House |
| 0:06 | Build | House |
| 1:29 | Create | Villager (Male) |
| 1:29 | Create | Villager (Male) |
| 1:30 | Create | Villager (Male) |
| 2:05 | Build | Lumber Camp |
| 2:08 | Create | Villager (Male) |
| 2:08 | Create | Villager (Male) |
| 2:08 | Create | Villager (Male) |
| 2:21 | Create | Villager (Male) |
| 2:21 | Create | Villager (Male) |
| 2:52 | Create | Villager (Male) |
| 2:52 | Create | Villager (Male) |
| 3:05 | Create | Villager (Male) |
| 3:06 | Create | Villager (Male) |
| 3:44 | Create | Villager (Male) |
| 3:44 | Create | Villager (Male) |
| 4:02 | Build | House |
| 4:19 | Create | Villager (Male) |
| 4:20 | Create | Villager (Male) |
| 4:20 | Create | Villager (Male) |
| 4:28 | Build | Mill |
| 4:36 | Create | Villager (Male) |
| 4:37 | Create | Villager (Male) |
| 5:07 | Create | Villager (Male) |
| 5:08 | Create | Villager (Male) |
| 5:41 | Build | Lumber Camp |
| 5:55 | Create | Villager (Male) |
| 5:56 | Create | Villager (Male) |
| 6:46 | Create | Villager (Male) |
| 6:46 | Create | Villager (Male) |
| 6:54 | Build | House |
| 7:07 | Research | Loom |
| 7:13 | Create | Villager (Male) |
| 8:10 | Research | Feudal Age |
| 8:10 | Research | Feudal Age |
| 8:17 | Build | Mining Camp |
| 8:32 | Build | Barracks |
| 8:37 | Build | House |
| 8:42 | Create | Villager (Male) |
| 8:43 | Create | Villager (Male) |
| 10:20 | Age | Feudal Age |
| 10:37 | Build | Archery Range |
| 10:49 | Research | Town Watch |
| 10:49 | Research | Town Watch |
| 10:50 | Create | Villager (Male) |
| 10:50 | Create | Villager (Male) |
| 10:50 | Create | Villager (Male) |
| 10:55 | Research | Double-Bit Axe |
| 10:55 | Research | Double-Bit Axe |
| 10:55 | Research | Double-Bit Axe |
| 11:10 | Build | Farm |
| 11:21 | Create | Archer ×3 |
| 11:37 | Build | Farm |
| 11:50 | Build | Farm |
| 11:54 | Create | Villager (Male) |
| 11:54 | Create | Villager (Male) |
| 12:03 | Create | Archer |
| 12:09 | Build | Archery Range |
| 12:12 | Create | Archer |
| 12:15 | Build | House |
| 12:47 | Research | Town Watch |
| 12:47 | Research | Town Watch |
| 13:08 | Research | Town Watch |
| 13:09 | Research | Town Watch |
| 13:10 | Build | Farm |
| 13:12 | Build | Farm |
| 13:17 | Build | Farm |
| 13:21 | Build | House |
| 13:31 | Create | Archer |
| 14:17 | Research | Town Watch |
| 14:17 | Research | Town Watch |
| 14:21 | Build | House |
| 14:24 | Create | Archer |
| 14:24 | Create | Archer |
| 14:53 | Create | Archer |
| 14:55 | Create | Villager (Male) |
| 14:55 | Create | Villager (Male) |
| 14:55 | Create | Villager (Male) |
| 15:05 | Build | Farm |
| 15:05 | Build | Farm |
| 15:05 | Build | Farm |
| 15:11 | Research | Horse Collar |
| 15:11 | Research | Horse Collar |
| 15:12 | Research | Horse Collar |
| 15:22 | Create | Archer |
| 15:27 | Build | Farm |
| 15:34 | Build | Farm |
| 15:35 | Build | Farm |
| 15:37 | Build | House |
| 15:53 | Build | Farm |
| 16:11 | Build | Blacksmith |
| 16:25 | Create | Villager (Male) |
| 16:25 | Create | Villager (Male) |
| 17:03 | Build | Market |
| 17:06 | Build | House |
| 17:20 | Build | Farm |
| 17:35 | Research | Castle Age |
| 17:35 | Research | Castle Age |
| 17:35 | Research | Castle Age |
| 17:35 | Research | Castle Age |
| 17:36 | Research | Castle Age |
| 18:08 | Create | Archer |
| 18:08 | Create | Archer |
| 18:22 | Build | House |
| 18:52 | Research | Fletching |
| 18:52 | Research | Fletching |
| 18:52 | Research | Fletching |
| 19:41 | Create | Villager (Male) |
| 19:42 | Create | Villager (Male) |
| 19:45 | Create | Archer |
| 19:45 | Create | Archer |
| 19:49 | Build | House |
| 19:52 | Build | Farm |
| 20:15 | Age | Castle Age |
| 20:23 | Research | Thumb Ring |
| 20:23 | Research | Thumb Ring |
| 20:25 | Create | Archer |
| 20:25 | Create | Archer |
| 20:39 | Research | Heavy Plow |
| 20:39 | Research | Heavy Plow |
| 20:41 | Research | Bow Saw |
| 20:42 | Research | Bow Saw |
| 20:51 | Build | Farm |
| 20:55 | Create | Archer |
| 20:55 | Create | Archer |
| 20:55 | Create | Archer |
Build order — Ivanlamo01
89 actions detected in the replay
| 0:00 | Create | Villager (Male) |
| 0:01 | Create | Villager (Male) |
| 0:01 | Create | Villager (Male) |
| 0:01 | Create | Villager (Male) |
| 0:02 | Create | Villager (Male) |
| 0:03 | Build | House |
| 0:05 | Build | House |
| 1:15 | Create | Villager (Male) |
| 1:58 | Build | Lumber Camp |
| 2:11 | Create | Villager (Male) |
| 2:34 | Create | Villager (Male) |
| 2:48 | Create | Villager (Male) |
| 3:08 | Create | Villager (Male) |
| 3:31 | Build | House |
| 3:53 | Create | Villager (Male) |
| 3:53 | Create | Villager (Male) |
| 4:00 | Build | Mill |
| 4:19 | Create | Villager (Male) |
| 4:34 | Create | Villager (Male) |
| 5:09 | Create | Villager (Male) |
| 5:20 | Create | Villager (Male) |
| 5:22 | Create | Villager (Male) |
| 5:47 | Create | Villager (Male) |
| 6:51 | Create | Villager (Male) |
| 6:52 | Create | Villager (Male) |
| 6:52 | Create | Villager (Male) |
| 6:58 | Research | Loom |
| 7:27 | Research | Feudal Age |
| 7:36 | Build | House |
| 7:43 | Create | Villager (Male) |
| 7:50 | Build | Barracks |
| 8:06 | Create | Villager (Male) |
| 9:17 | Build | Palisade Wall |
| 9:40 | Create | Villager (Male) |
| 9:42 | Build | Stable |
| 9:49 | Build | House |
| 9:58 | Build | Palisade Wall |
| 10:04 | Build | Farm |
| 10:10 | Build | Farm |
| 10:23 | Create | Villager (Male) |
| 10:38 | Create | Scout Cavalry |
| 10:38 | Create | Scout Cavalry |
| 10:38 | Create | Scout Cavalry |
| 10:54 | Build | Mill |
| 11:00 | Create | Villager (Male) |
| 11:07 | Build | House |
| 11:16 | Build | Mining Camp |
| 11:47 | Build | House |
| 11:54 | Research | Wheelbarrow |
| 12:09 | Create | Scout Cavalry |
| 12:30 | Build | Palisade Wall |
| 12:47 | Build | Farm |
| 12:50 | Build | Farm |
| 12:55 | Build | Farm |
| 13:12 | Build | Blacksmith |
| 13:20 | Build | Farm |
| 13:21 | Build | Farm |
| 13:52 | Create | Villager (Male) |
| 13:53 | Create | Villager (Male) |
| 14:14 | Create | Villager (Male) |
| 14:36 | Create | Villager (Male) |
| 14:40 | Build | Farm |
| 14:51 | Build | Palisade Wall |
| 15:00 | Research | Horse Collar |
| 15:31 | Build | House |
| 15:33 | Build | House |
| 15:35 | Build | House |
| 16:04 | Create | Villager (Male) |
| 16:09 | Build | Farm |
| 16:13 | Build | Farm |
| 16:13 | Build | Farm |
| 16:13 | Build | Farm |
| 16:14 | Build | Farm |
| 16:26 | Research | Double-Bit Axe |
| 16:37 | Create | Spearman |
| 16:37 | Create | Spearman |
| 16:45 | Build | House |
| 16:47 | Build | House |
| 16:59 | Build | House |
| 17:00 | Build | Palisade Wall |
| 17:27 | Create | Villager (Male) |
| 17:56 | Create | Villager (Male) |
| 18:00 | Build | Farm |
| 18:38 | Research | Castle Age |
| 19:09 | Create | Scout Cavalry |
| 19:09 | Create | Scout Cavalry |
| 19:24 | Build | Archery Range |
| 19:57 | Create | Villager (Male) |
| 20:05 | Research | Gold Mining |
Build order — Lith_KING
129 actions detected in the replay
| 0:00 | Create | Villager (Male) |
| 0:00 | Create | Villager (Male) |
| 0:01 | Create | Villager (Male) |
| 0:02 | Build | House |
| 0:03 | Build | House |
| 0:03 | Create | Villager (Male) |
| 0:24 | Create | Villager (Male) |
| 0:24 | Create | Villager (Male) |
| 0:25 | Create | Villager (Male) |
| 1:34 | Create | Villager (Male) |
| 1:34 | Create | Villager (Male) |
| 1:48 | Build | Lumber Camp |
| 2:13 | Create | Villager (Male) |
| 2:14 | Create | Villager (Male) |
| 2:34 | Create | Villager (Male) |
| 2:34 | Create | Villager (Male) |
| 2:34 | Create | Villager (Male) |
| 3:29 | Build | House |
| 3:35 | Build | House |
| 3:49 | Create | Villager (Male) |
| 3:49 | Create | Villager (Male) |
| 4:04 | Create | Villager (Male) |
| 4:06 | Build | House |
| 4:26 | Create | Villager (Male) |
| 4:26 | Create | Villager (Male) |
| 4:26 | Create | Villager (Male) |
| 4:32 | Build | Mill |
| 4:43 | Create | Villager (Male) |
| 4:43 | Create | Villager (Male) |
| 5:16 | Create | Villager (Male) |
| 5:16 | Create | Villager (Male) |
| 5:17 | Create | Villager (Male) |
| 5:17 | Create | Villager (Male) |
| 5:42 | Create | Villager (Male) |
| 5:42 | Create | Villager (Male) |
| 5:43 | Create | Villager (Male) |
| 5:43 | Create | Villager (Male) |
| 6:14 | Research | Loom |
| 7:03 | Research | Feudal Age |
| 7:03 | Research | Feudal Age |
| 7:03 | Research | Feudal Age |
| 7:12 | Build | Barracks |
| 8:13 | Build | House |
| 8:46 | Build | House |
| 9:11 | Create | Villager (Male) |
| 9:18 | Create | Villager (Male) |
| 9:19 | Age | Feudal Age |
| 9:22 | Build | Stable |
| 9:24 | Research | Double-Bit Axe |
| 9:40 | Create | Villager (Male) |
| 10:23 | Create | Scout Cavalry |
| 10:23 | Create | Scout Cavalry |
| 10:23 | Create | Scout Cavalry |
| 10:23 | Create | Scout Cavalry |
| 10:32 | Create | Villager (Male) |
| 11:17 | Create | Villager (Male) |
| 11:21 | Create | Villager (Male) |
| 11:21 | Create | Villager (Male) |
| 11:55 | Create | Villager (Male) |
| 12:00 | Create | Villager (Male) |
| 12:06 | Build | Farm |
| 12:08 | Build | Farm |
| 12:08 | Build | Farm |
| 12:08 | Build | Farm |
| 12:17 | Create | Villager (Male) |
| 12:20 | Build | Farm |
| 12:22 | Build | Farm |
| 12:28 | Build | Mining Camp |
| 12:31 | Build | House |
| 12:39 | Create | Villager (Male) |
| 12:44 | Create | Scout Cavalry |
| 12:45 | Create | Scout Cavalry |
| 13:04 | Create | Villager (Male) |
| 13:07 | Build | Farm |
| 13:24 | Create | Scout Cavalry |
| 13:24 | Create | Scout Cavalry |
| 14:13 | Create | Villager (Male) |
| 14:16 | Create | Scout Cavalry |
| 14:16 | Create | Scout Cavalry |
| 14:16 | Create | Scout Cavalry |
| 14:20 | Build | House |
| 14:23 | Build | Blacksmith |
| 14:40 | Create | Villager (Male) |
| 14:44 | Build | Farm |
| 14:48 | Build | Farm |
| 14:55 | Create | Villager (Male) |
| 14:57 | Build | Farm |
| 14:58 | Create | Villager (Male) |
| 15:01 | Build | Farm |
| 15:03 | Build | Farm |
| 15:04 | Create | Villager (Male) |
| 15:06 | Build | Lumber Camp |
| 15:23 | Build | Farm |
| 15:39 | Build | Farm |
| 15:42 | Build | Farm |
| 15:47 | Create | Scout Cavalry |
| 16:07 | Build | Farm |
| 16:13 | Create | Villager (Male) |
| 16:54 | Create | Villager (Male) |
| 16:56 | Create | Scout Cavalry |
| 16:56 | Create | Scout Cavalry |
| 16:57 | Create | Scout Cavalry |
| 17:02 | Create | Villager (Male) |
| 17:18 | Create | Scout Cavalry |
| 17:38 | Create | Villager (Male) |
| 17:59 | Create | Villager (Male) |
| 17:59 | Create | Villager (Male) |
| 18:00 | Create | Villager (Male) |
| 18:01 | Build | Farm |
| 18:07 | Build | Farm |
| 18:08 | Build | Farm |
| 18:09 | Build | Farm |
| 18:10 | Build | Farm |
| 18:15 | Build | House |
| 18:16 | Build | House |
| 18:30 | Create | Villager (Male) |
| 18:32 | Create | Villager (Male) |
| 18:37 | Create | Villager (Male) |
| 18:40 | Build | Lumber Camp |
| 19:34 | Create | Villager (Male) |
| 19:42 | Build | House |
| 19:43 | Build | House |
| 19:43 | Build | House |
| 21:05 | Research | Forging |
| 21:05 | Research | Scale Barding Armor |
| 21:08 | Research | Bloodlines |
| 21:11 | Create | Scout Cavalry ×5 |
| 21:11 | Create | Scout Cavalry ×5 |
| 21:11 | Create | Scout Cavalry ×5 |
Build order — ElOlorosopitt
127 actions detected in the replay
| 0:04 | Create | Villager (Male) |
| 0:05 | Create | Villager (Male) |
| 0:05 | Create | Villager (Male) |
| 0:05 | Create | Villager (Male) |
| 0:06 | Create | Villager (Male) |
| 0:08 | Build | House |
| 0:11 | Build | House |
| 1:41 | Create | Villager (Male) |
| 1:42 | Create | Villager (Male) |
| 2:47 | Create | Villager (Male) |
| 2:47 | Create | Villager (Male) |
| 2:48 | Create | Villager (Male) |
| 2:54 | Build | Lumber Camp |
| 3:18 | Create | Villager (Male) |
| 3:19 | Create | Villager (Male) |
| 3:19 | Create | Villager (Male) |
| 4:02 | Create | Villager (Male) |
| 4:02 | Create | Villager (Male) |
| 4:08 | Build | House |
| 4:25 | Build | House |
| 4:50 | Create | Villager (Male) |
| 5:00 | Build | Mill |
| 5:23 | Create | Villager (Male) |
| 5:24 | Create | Villager (Male) |
| 5:54 | Create | Villager (Male) |
| 5:54 | Create | Villager (Male) |
| 5:55 | Create | Villager (Male) |
| 6:51 | Create | Villager (Male) |
| 6:52 | Create | Villager (Male) |
| 7:39 | Create | Villager (Male) |
| 7:40 | Create | Villager (Male) |
| 7:47 | Research | Loom |
| 8:17 | Create | Villager (Male) |
| 8:46 | Research | Feudal Age |
| 8:55 | Build | Mining Camp |
| 9:10 | Build | Barracks |
| 9:32 | Build | Lumber Camp |
| 10:03 | Build | House |
| 10:17 | Build | Palisade Wall |
| 10:18 | Build | Palisade Wall |
| 10:39 | Create | Villager (Male) |
| 10:39 | Create | Villager (Male) |
| 10:43 | Build | Palisade Gate |
| 10:47 | Build | House |
| 11:11 | Age | Feudal Age |
| 11:19 | Build | Archery Range |
| 11:24 | Create | Villager (Male) |
| 11:31 | Research | Double-Bit Axe |
| 11:47 | Create | Villager (Male) |
| 12:02 | Create | Villager (Male) |
| 12:12 | Build | Archery Range |
| 12:15 | Create | Archer |
| 12:15 | Create | Archer |
| 12:33 | Build | Palisade Wall |
| 12:40 | Create | Villager (Male) |
| 12:45 | Create | Archer |
| 12:54 | Build | House |
| 13:16 | Create | Archer |
| 13:16 | Create | Archer |
| 13:35 | Create | Archer |
| 13:36 | Create | Archer |
| 13:41 | Create | Villager (Male) |
| 13:41 | Create | Villager (Male) |
| 13:45 | Build | Farm |
| 13:47 | Build | Farm |
| 13:48 | Build | Farm |
| 13:49 | Build | Farm |
| 14:02 | Build | House |
| 14:12 | Research | Horse Collar |
| 14:20 | Create | Villager (Male) |
| 14:34 | Build | Palisade Wall |
| 14:37 | Build | Palisade Wall |
| 14:39 | Create | Villager (Male) |
| 14:46 | Create | Archer |
| 14:47 | Create | Archer |
| 15:09 | Build | Farm |
| 15:12 | Create | Villager (Male) |
| 15:20 | Build | Blacksmith |
| 15:23 | Create | Archer |
| 15:23 | Create | Archer |
| 15:24 | Create | Archer |
| 15:25 | Create | Villager (Male) |
| 15:34 | Create | Villager (Male) |
| 15:45 | Build | House |
| 15:46 | Create | Villager (Male) |
| 15:51 | Create | Archer |
| 15:51 | Create | Archer |
| 16:16 | Build | House |
| 16:24 | Build | House |
| 16:40 | Create | Archer |
| 16:40 | Create | Archer |
| 16:56 | Build | House |
| 17:01 | Research | Fletching |
| 17:09 | Create | Villager (Male) |
| 17:09 | Create | Villager (Male) |
| 17:10 | Create | Villager (Male) |
| 17:14 | Build | Farm |
| 17:15 | Build | Farm |
| 17:15 | Build | Farm |
| 17:15 | Build | Farm |
| 17:27 | Build | House |
| 17:34 | Build | Palisade Wall |
| 17:44 | Research | Padded Archer Armor |
| 17:45 | Research | Padded Archer Armor |
| 17:52 | Build | Farm |
| 17:55 | Build | Farm |
| 17:56 | Build | Farm |
| 18:11 | Build | Farm |
| 18:12 | Build | Farm |
| 18:13 | Build | Farm |
| 18:17 | Build | Farm |
| 18:18 | Build | Farm |
| 18:33 | Build | Palisade Wall |
| 18:40 | Create | Villager (Male) |
| 18:40 | Create | Villager (Male) |
| 18:44 | Build | Farm |
| 18:45 | Build | Farm |
| 18:55 | Build | Farm |
| 19:07 | Create | Villager (Male) |
| 19:14 | Build | Palisade Wall |
| 19:20 | Create | Archer |
| 19:20 | Create | Archer |
| 19:49 | Build | Mining Camp |
| 19:53 | Research | Wheelbarrow |
| 20:11 | Create | Archer |
| 20:11 | Create | Archer |
| 20:11 | Create | Archer |
Build order — MagicHunt
First 150 of 170 actions detected
| 0:02 | Create | Villager (Male) ×3 |
| 0:02 | Create | Villager (Male) ×3 |
| 0:03 | Build | House |
| 0:05 | Build | House |
| 1:22 | Create | Villager (Male) |
| 1:23 | Create | Villager (Male) |
| 2:05 | Create | Villager (Male) |
| 2:06 | Create | Villager (Male) |
| 2:06 | Create | Villager (Male) |
| 2:14 | Build | Lumber Camp |
| 2:40 | Create | Villager (Male) |
| 2:40 | Create | Villager (Male) |
| 3:06 | Create | Villager (Male) |
| 3:06 | Create | Villager (Male) |
| 3:26 | Create | Villager (Male) |
| 3:26 | Create | Villager (Male) |
| 3:27 | Create | Villager (Male) |
| 4:05 | Build | House |
| 4:11 | Create | Villager (Male) |
| 4:11 | Create | Villager (Male) |
| 4:11 | Create | Villager (Male) |
| 4:11 | Create | Villager (Male) |
| 4:27 | Create | Villager (Male) |
| 4:27 | Create | Villager (Male) |
| 4:37 | Build | Mill |
| 4:55 | Create | Villager (Male) |
| 4:55 | Create | Villager (Male) |
| 4:55 | Create | Villager (Male) |
| 5:03 | Create | Villager (Male) |
| 5:03 | Create | Villager (Male) |
| 5:03 | Create | Villager (Male) |
| 5:31 | Create | Villager (Male) |
| 5:31 | Create | Villager (Male) |
| 5:31 | Create | Villager (Male) |
| 6:10 | Build | House |
| 6:27 | Create | Villager (Male) |
| 6:32 | Create | Villager (Male) |
| 6:47 | Research | Loom |
| 7:11 | Build | Lumber Camp |
| 7:52 | Research | Feudal Age |
| 7:52 | Research | Feudal Age |
| 8:00 | Build | Mining Camp |
| 8:40 | Build | Barracks |
| 9:48 | Create | Villager (Male) |
| 10:06 | Age | Feudal Age |
| 10:09 | Build | Archery Range |
| 10:25 | Research | Double-Bit Axe |
| 10:29 | Create | Villager (Male) |
| 10:32 | Create | Spearman |
| 10:42 | Create | Villager (Male) |
| 10:59 | Build | Archery Range |
| 11:01 | Build | House |
| 11:05 | Create | Villager (Male) |
| 11:12 | Create | Archer |
| 11:12 | Create | Archer |
| 11:38 | Create | Archer |
| 11:53 | Create | Archer |
| 11:55 | Build | House |
| 12:01 | Create | Archer |
| 12:01 | Create | Archer |
| 12:02 | Create | Archer |
| 12:07 | Build | Palisade Wall |
| 12:09 | Build | Palisade Wall |
| 12:15 | Build | Farm |
| 12:18 | Build | House |
| 12:20 | Create | Villager (Male) |
| 12:29 | Create | Villager (Male) |
| 12:38 | Create | Archer |
| 12:38 | Create | Archer |
| 12:39 | Create | Archer |
| 12:50 | Build | House |
| 12:52 | Create | Villager (Male) |
| 12:55 | Build | Farm |
| 12:56 | Build | Farm |
| 13:04 | Create | Villager (Male) |
| 13:07 | Build | Farm |
| 13:08 | Create | Villager (Male) |
| 13:12 | Create | Archer |
| 13:15 | Create | Villager (Male) |
| 13:25 | Build | House |
| 13:27 | Create | Villager (Male) |
| 13:39 | Create | Villager (Male) |
| 13:42 | Build | Farm |
| 13:45 | Create | Villager (Male) |
| 13:53 | Create | Villager (Male) |
| 13:56 | Build | Farm |
| 13:58 | Create | Archer |
| 13:58 | Create | Archer |
| 14:13 | Create | Archer |
| 14:14 | Create | Archer |
| 14:14 | Create | Archer |
| 14:39 | Build | Farm |
| 14:41 | Build | Farm |
| 14:44 | Create | Archer |
| 14:44 | Create | Archer |
| 14:44 | Create | Archer |
| 14:51 | Build | Farm |
| 15:03 | Build | Palisade Wall |
| 15:10 | Create | Archer |
| 15:10 | Create | Archer |
| 15:10 | Create | Archer |
| 15:11 | Create | Archer |
| 15:21 | Build | Farm |
| 15:29 | Build | House |
| 15:31 | Create | Villager (Male) |
| 15:31 | Create | Villager (Male) |
| 15:31 | Create | Villager (Male) |
| 15:31 | Create | Villager (Male) |
| 15:44 | Build | Farm |
| 15:45 | Create | Archer |
| 15:46 | Create | Archer |
| 15:46 | Create | Archer |
| 16:07 | Create | Archer |
| 16:07 | Create | Archer |
| 16:13 | Build | Palisade Wall |
| 16:14 | Create | Villager (Male) |
| 16:46 | Create | Villager (Male) |
| 16:47 | Create | Archer |
| 16:48 | Create | Archer |
| 16:48 | Create | Archer |
| 16:51 | Build | Lumber Camp |
| 16:53 | Research | Gold Mining |
| 17:00 | Build | House |
| 17:19 | Create | Archer |
| 17:19 | Create | Archer |
| 17:19 | Create | Archer |
| 17:19 | Create | Archer |
| 17:25 | Build | Farm |
| 17:26 | Build | Farm |
| 17:45 | Create | Archer |
| 17:45 | Create | Archer |
| 17:45 | Create | Archer |
| 18:10 | Build | Blacksmith |
| 18:12 | Create | Villager (Male) |
| 18:15 | Build | House |
| 18:21 | Build | Farm |
| 18:21 | Create | Villager (Male) |
| 18:30 | Create | Villager (Male) |
| 18:32 | Build | House |
| 18:34 | Build | Palisade Wall |
| 18:38 | Create | Archer |
| 18:38 | Create | Archer |
| 18:39 | Create | Archer |
| 18:39 | Create | Archer |
| 18:49 | Build | Farm |
| 19:04 | Create | Archer |
| 19:04 | Create | Archer |
| 19:04 | Create | Archer |
| 19:04 | Create | Archer |
| 19:09 | Build | House |
Build order — LMGPERDRO
97 actions detected in the replay
| 0:04 | Create | Villager (Male) |
| 0:04 | Create | Villager (Male) |
| 0:05 | Create | Villager (Male) |
| 0:08 | Build | House |
| 0:13 | Build | House |
| 0:41 | Create | Villager (Male) |
| 0:42 | Create | Villager (Male) |
| 1:25 | Create | Villager (Male) |
| 1:36 | Build | Lumber Camp |
| 2:07 | Create | Villager (Male) |
| 2:39 | Create | Villager (Male) |
| 2:40 | Create | Villager (Male) |
| 2:40 | Create | Villager (Male) |
| 3:34 | Build | House |
| 3:36 | Build | House |
| 3:51 | Create | Villager (Male) |
| 4:24 | Build | Mill |
| 4:30 | Create | Villager (Male) |
| 4:31 | Create | Villager (Male) |
| 4:54 | Create | Villager (Male) |
| 5:11 | Create | Villager (Male) |
| 5:48 | Create | Villager (Male) |
| 6:20 | Create | Villager (Male) |
| 6:20 | Create | Villager (Male) |
| 6:32 | Create | Villager (Male) |
| 6:36 | Research | Loom |
| 6:50 | Create | Villager (Male) |
| 6:54 | Research | Loom |
| 7:06 | Create | Villager (Male) |
| 7:52 | Build | Mining Camp |
| 8:08 | Build | Barracks |
| 8:42 | Research | Feudal Age |
| 9:03 | Build | Lumber Camp |
| 9:15 | Build | Palisade Gate |
| 9:26 | Create | Villager (Male) |
| 9:31 | Create | Villager (Male) |
| 9:50 | Build | House |
| 10:01 | Build | House |
| 11:05 | Build | Archery Range |
| 11:09 | Build | Palisade Wall |
| 11:19 | Create | Villager (Male) |
| 11:29 | Create | Spearman |
| 11:59 | Create | Spearman |
| 12:17 | Create | Spearman |
| 12:38 | Create | Spearman |
| 13:01 | Create | Spearman |
| 13:05 | Create | Villager (Male) |
| 13:08 | Create | Villager (Male) |
| 13:15 | Research | Double-Bit Axe |
| 13:28 | Create | Villager (Male) |
| 14:02 | Build | House |
| 14:37 | Build | Archery Range |
| 14:40 | Build | Palisade Wall |
| 14:45 | Build | House |
| 14:46 | Create | Villager (Male) |
| 14:51 | Build | Farm |
| 14:52 | Build | Farm |
| 14:53 | Build | Farm |
| 14:53 | Build | Farm |
| 14:53 | Build | Farm |
| 14:53 | Build | Farm |
| 14:53 | Build | Farm |
| 14:54 | Build | Farm |
| 15:05 | Research | Horse Collar |
| 15:06 | Research | Gold Mining |
| 15:11 | Build | Blacksmith |
| 15:43 | Build | Market |
| 15:46 | Build | House |
| 15:50 | Build | House |
| 16:00 | Build | House |
| 16:03 | Create | Villager (Male) |
| 16:09 | Build | Farm |
| 16:10 | Build | Farm |
| 16:22 | Create | Villager (Male) |
| 16:43 | Build | House |
| 16:45 | Build | House |
| 16:47 | Create | Villager (Male) |
| 16:50 | Create | Archer |
| 16:50 | Create | Archer |
| 16:50 | Create | Archer |
| 16:50 | Create | Archer |
| 17:04 | Build | Palisade Wall |
| 17:31 | Build | Farm |
| 17:34 | Create | Villager (Male) |
| 17:59 | Build | House |
| 18:00 | Build | House |
| 18:06 | Research | Wheelbarrow |
| 18:12 | Build | Farm |
| 18:15 | Build | Farm |
| 18:26 | Build | House |
| 18:28 | Build | House |
| 18:35 | Build | Palisade Wall |
| 18:38 | Create | Villager (Male) |
| 19:29 | Create | Spearman |
| 19:30 | Create | Spearman |
| 19:43 | Build | House |
| 20:03 | Build | Farm |
Match timeline
| 7:12 | Lith_KING · first_building Barracks |
| 7:50 | Ivanlamo01 · first_building Barracks |
| 8:08 | LMGPERDRO · first_building Barracks |
| 8:32 | [Virgins]ItalianStallion · first_building Barracks |
| 8:40 | MagicHunt · first_building Barracks |
| 9:10 | ElOlorosopitt · first_building Barracks |
| 9:17 | Ivanlamo01 · wall_segment Palisade Wall x6 |
| 9:19 | Lith_KING · age_up feudal |
| 9:22 | Lith_KING · first_building Stable |
| 9:42 | Ivanlamo01 · first_building Stable |
| 9:58 | Ivanlamo01 · wall_segment Palisade Wall x7 |
| 10:06 | MagicHunt · age_up feudal |
| 10:09 | MagicHunt · first_building Archery Range |
| 10:17 | ElOlorosopitt · wall_segment Palisade Wall x3 |
| 10:18 | ElOlorosopitt · wall_segment Palisade Wall x1 |
| 10:20 | [Virgins]ItalianStallion · age_up feudal |
| 10:37 | [Virgins]ItalianStallion · first_building Archery Range |
| 11:05 | LMGPERDRO · first_building Archery Range |
| 11:09 | LMGPERDRO · wall_segment Palisade Wall x1 |
| 11:11 | ElOlorosopitt · age_up feudal |
| 11:19 | ElOlorosopitt · first_building Archery Range |
| 12:07 | MagicHunt · wall_segment Palisade Wall x15 |
| 12:09 | MagicHunt · wall_segment Palisade Wall x5 |
| 12:30 | Ivanlamo01 · wall_segment Palisade Wall x16 |
| 12:33 | ElOlorosopitt · wall_segment Palisade Wall x8 |
| 14:34 | ElOlorosopitt · wall_segment Palisade Wall x4 |
| 14:37 | ElOlorosopitt · wall_segment Palisade Wall x3 |
| 14:40 | LMGPERDRO · wall_segment Palisade Wall x1 |
| 14:51 | Ivanlamo01 · wall_segment Palisade Wall x16 |
| 15:03 | MagicHunt · wall_segment Palisade Wall x8 |
| 16:13 | MagicHunt · wall_segment Palisade Wall x14 |
| 17:00 | Ivanlamo01 · wall_segment Palisade Wall x1 |
| 17:04 | LMGPERDRO · wall_segment Palisade Wall x7 |
| 17:34 | ElOlorosopitt · wall_segment Palisade Wall x1 |
| 18:33 | ElOlorosopitt · wall_segment Palisade Wall x1 |
| 18:34 | MagicHunt · wall_segment Palisade Wall x5 |
| 18:35 | LMGPERDRO · wall_segment Palisade Wall x3 |
| 19:11 | MagicHunt · wall_segment Palisade Wall x15 |
| 19:14 | ElOlorosopitt · wall_segment Palisade Wall x11 |
| 19:24 | Ivanlamo01 · first_building Archery Range |
| 20:15 | [Virgins]ItalianStallion · age_up castle |
| 20:20 | LMGPERDRO · resign |
[ AI ANALYSIS · 1 CREDIT ]
What really happened in this match?
Wolo.gg analyzes every decision: build order, eco, micro, common mistakes by bracket. Personalized analysis on WhatsApp or Discord in 30 seconds.
Civ guide
Vietnamese
Perfil
Jugador #417905